Map: Orbital Shipyard

Players

Blaze

  • Race: Terran Terran
  • League: Platinum

LilDicky - Winner!

  • Race: Terran Terran
  • League: Diamond

VOD

http://www.twitch.tv/tumescentpie

Description

Time

  • Played on: Nov. 23, 2015, 11:14 p.m.
  • Length: 12:23
Show
View Real Time Build Order
Export as new Build Order

Blaze Terran 

Build Orders:  

Get SALT Encoding   

  12  0:03  SCV  
  13  0:15  SCV  
  14  0:24  Supply Depot  
  14  0:27  SCV  
  15  0:33  Refinery  
  15  0:46  SCV  
  15  0:48  Barracks  
  16  0:58  SCV  
  17  1:15  SCV  
  18  1:28  SCV  
  19  1:35  Command Center  
  19  1:38  Supply Depot  
  19  1:49  Orbital Command  
  19  2:14  Factory  
  19  2:15  SCV  
  20  2:20  Refinery  
  21  2:24  Barracks Reactor  
  21  2:28  SCV  
  20  2:48  Orbital Command  
  19  3:00  Marine  
  19  3:01  Marine  
  19  3:03  Hellion  
  21  3:18  Marine x2  
  22  3:24  Hellion  
  22  3:25  SCV x2  
  26  3:36  Starport, Marine x2  
  26  3:37  SCV  
  29  3:46  SCV  
  30  3:49  SCV  
  30  4:03  SCV  
  30  4:04  Widow Mine  
  30  4:05  Marine x2  
  36  4:14  Orbital Command, Starport Tech Lab  
  36  4:16  SCV  
  36  4:18  Supply Depot  
  36  4:27  Marine  
  36  4:28  SCV  
  36  4:29  Marine  
  39  4:33  Factory Tech Lab  
  39  4:34  Banshee  
  39  4:38  Cloaking Field  
  41  4:40  SCV  
  41  4:42  SCV  
  43  4:52  SCV  
  41  4:54  SCV  
  41  4:57  Marine  
  41  4:58  Marine  
  44  5:00  Siege Tank  
  44  5:04  SCV  
  44  5:06  SCV  
  49  5:16  SCV  
  49  5:18  SCV  
  51  5:30  Engineering Bay x2  
  51  5:31  SCV x2  
  51  5:33  Command Center  
  53  5:36  Refinery  
  53  5:37  Refinery  
  53  5:43  SCV  
  54  5:56  Supply Depot x2  
  54  6:00  Terran Infantry Weapons Level 1, Terran Infantry Armor Level 1  
  54  6:18  SCV x2, Siege Tank  
  59  6:30  SCV x2  
  49  6:45  SCV x2  
  49  6:46  Marine x2  
  48  6:50  Orbital Command  
  48  6:52  Armory  
  48  6:57  SCV x2  
  47  7:02  Barracks  
  47  7:04  Marine x2  
  49  7:09  Barracks  
  49  7:10  Barracks  
  49  7:13  Viking, Barracks  
  49  7:15  Barracks  
  50  7:21  Siege Tank  
  50  7:22  Marine x2  
  53  7:29  SCV x2  
  50  7:39  Marine  
  50  7:41  Orbital Command  
  50  7:43  Viking  
  49  7:46  SCV  
  49  7:47  SCV  
  51  8:02  Barracks Tech Lab  
  51  8:06  Terran Infantry Weapons Level 2  
  51  8:09  SCV x2  
  53  8:13  Raven  
  55  8:32  SCV  
  55  8:33  SCV  
  57  8:40  Missile Turret  
  57  8:45  SCV x2  
  57  8:46  Missile Turret  
  56  8:50  Missile Turret  
  56  8:55  SCV  
  56  8:56  Medivac  
  56  8:57  SCV x2  
  61  9:07  Barracks Tech Lab x2  
  61  9:08  SCV, Barracks Reactor  
  61  9:09  SCV x2, Barracks Reactor  
  64  9:17  Refinery  
  64  9:19  Refinery  
  64  9:20  SCV  
  64  9:21  SCV x2  
  67  9:25  Marine x4  
  67  9:26  Marine  
  72  9:32  SCV  
  68  9:39  Siege Tank  
  68  9:43  Marine x5  
  71  9:57  Marine  
  71  9:58  Marine x3  
  61  10:01  Marine x4  
  54  10:15  Marine x3  
  54  10:18  Orbital Command  
  52  10:27  SCV x2  
  49  10:50  Orbital Command  
  49  10:53  SCV x2  
  51  11:13  Marine  
  51  11:14  Missile Turret, Marine x8  
  60  11:19  Siege Tank  
  60  11:21  Raven  
  60  11:24  SCV x3  
  68  11:31  Marine  
  68  11:32  Marine x8  
  77  11:36  SCV  
  62  11:49  Marine x4  
  62  11:50  Marine x4  
Show
View Real Time Build Order
Export as new Build Order

LilDicky Terran - Winner!

Build Orders:  

Get SALT Encoding   

  12  0:01  SCV  
  13  0:13  SCV  
  14  0:17  Supply Depot  
  14  0:25  SCV  
  14  0:27  Refinery  
  15  0:39  SCV  
  16  0:46  Barracks  
  16  0:51  SCV  
  17  1:03  SCV  
  18  1:15  SCV  
  19  1:36  Reaper  
  19  1:39  Orbital Command  
  20  1:40  Barracks  
  20  1:44  Barracks  
  20  1:49  Refinery  
  20  2:02  Supply Depot  
  20  2:05  SCV  
  21  2:08  Reaper  
  22  2:17  SCV  
  23  2:29  Reaper  
  24  2:34  Supply Depot  
  24  2:38  Reaper  
  24  2:40  Reaper  
  26  3:02  Reaper  
  27  3:10  Reaper  
  28  3:12  Reaper  
  29  3:34  Reaper  
  29  3:35  SCV  
  29  3:38  Command Center  
  30  3:43  Reaper  
  30  3:47  SCV  
  33  3:50  Refinery  
  33  3:52  Refinery  
  32  4:03  SCV  
  32  4:08  Barracks Reactor  
  32  4:10  Factory  
  32  4:14  Barracks Reactor  
  32  4:15  Barracks Tech Lab  
  32  4:18  SCV  
  33  4:33  SCV  
  34  4:45  SCV  
  31  4:56  Combat Shields, Marine x2  
  31  4:59  Factory Tech Lab, Factory Reactor  
  33  5:01  Marine x2  
  33  5:02  Starport, Marine  
  33  5:03  SCV  
  33  5:04  Orbital Command  
  37  5:14  Marine x2  
  38  5:15  SCV  
  38  5:19  Marine x2  
  38  5:20  Marine  
  40  5:27  SCV  
  41  5:31  SCV, Marine  
  41  5:32  Marine  
  41  5:33  Widow Mine  
  46  5:39  SCV  
  46  5:41  Engineering Bay  
  47  5:44  Banshee  
  47  5:46  SCV, Marine x2  
  53  5:56  Marine  
  54  6:07  Supply Depot  
  54  6:08  Supply Depot x2  
  54  6:12  Missile Turret  
  54  6:13  Marine  
  54  6:16  Missile Turret  
  54  6:23  SCV, Marine  
  54  6:28  Marine  
  54  6:29  Marine x2  
  42  6:45  Banshee  
  45  6:49  SCV  
  45  6:52  Marine x2  
  46  7:02  Factory Reactor  
  46  7:04  SCV  
  47  7:21  Command Center  
  47  7:30  Marine x3  
  50  7:40  Marine x2  
  52  7:48  Marine x3  
  52  7:51  SCV  
  52  7:54  Medivac x2  
  52  7:58  Marauder, Marine  
  60  8:06  Marine  
  60  8:07  SCV  
  60  8:10  SCV  
  63  8:19  SCV  
  64  8:22  SCV  
  64  8:23  Marine  
  67  8:27  Medivac  
  67  8:32  Stimpack  
  69  8:37  Orbital Command  
  65  8:49  Marine x3  
  65  8:50  Siege Tank  
  71  9:12  Marine x3  
  71  9:13  Marauder  
  76  9:17  Medivac x2  
  76  9:18  Marine  
  76  9:22  SCV  
  76  9:23  SCV x2  
  84  9:30  Marine x3  
  86  9:34  SCV  
  85  9:44  Marine x2  
  84  10:00  Marine x3  
  84  10:01  Medivac x2  
  84  10:02  Marauder  
  84  10:04  SCV  
  84  10:06  SCV  
  87  10:19  Marine x2  
  86  10:23  Marauder  
  85  10:33  Marine  
  85  10:34  Marine  
  83  10:37  Marine  
  83  10:43  Marine  
  83  10:45  Marauder  
  86  10:51  Marine x2  
  86  10:53  Medivac  
  86  10:54  Marine, Medivac  
  91  11:01  Marine  
  87  11:06  Marauder  
  87  11:07  SCV  
  87  11:09  Marine x2  
  92  11:12  Marine  
  92  11:14  Engineering Bay  
  92  11:17  Armory, Supply Depot  
  92  11:18  Supply Depot  
  93  11:19  Supply Depot  
  93  11:23  Missile Turret  
  93  11:28  Command Center  
  93  11:31  Barracks x2  
  93  11:32  Missile Turret, Barracks  
  93  11:33  Missile Turret  
  93  11:36  Marine  
  93  11:37  Marine  
  93  11:38  Marine x2  
  93  11:39  Marine  
  88  11:55  Marine  
  88  11:58  Marine x2  
  88  11:59  Marauder  
  92  12:03  Marine  
Tags
 
Add a new tag
Caveats
  • Supply blocks, unpowered buildings, or Contaminate may cause inaccurate times.
  • Supply counts are checked every 10 seconds.